Map: World of Sleepers LE

Players

TSGSolar (Solar) - Winner!

  • Race: Zerg Zerg
  • League: Master
  • Spawn Location: 7:00

soO

  • Race: Zerg Zerg
  • Spawn Location: 1:00

VOD

Have the link to the VOD?

Description

Time

  • Played on: Jan. 9, 2020, 9:59 a.m.
  • Length: 8:23
Show
View Real Time Build Order
Export as new Build Order

TSGSolar Zerg - Winner!

Build Orders: Hatch First 

Get SALT Encoding   

  12  0:01  Drone  
  13  0:12  Overlord  
  13  0:16  Drone  
  14  0:30  Drone  
  14  0:31  Drone  
  16  0:47  Hatchery  
  15  0:51  Drone  
  15  0:54  Drone  
  17  0:58  Drone  
  18  1:09  Extractor  
  17  1:13  Spawning Pool  
  17  1:16  Drone  
  17  1:18  Drone  
  18  1:29  Drone  
  19  1:39  Drone  
  20  1:49  Overlord  
  20  1:59  Queen  
  20  2:00  Queen  
  26  2:01  Drone x2  
  26  2:09  Metabolic Boost  
  26  2:11  Drone x2  
  28  2:21  Zergling x2  
  28  2:22  Zergling x2  
  30  2:33  Hatchery  
  30  2:35  Drone  
  30  2:37  Drone  
  30  2:44  Overlord  
  31  2:45  Drone  
  32  2:53  Drone  
  33  3:03  Zergling x2  
  33  3:04  Zergling x4  
  36  3:07  Zergling x12  
  42  3:14  Roach Warren  
  42  3:16  Drone  
  42  3:19  Drone  
  43  3:26  Overlord  
  43  3:27  Drone  
  42  3:49  Overlord  
  42  3:51  Zergling x4  
  42  3:55  Roach x5  
  51  3:57  Roach  
  51  4:03  Roach  
  51  4:07  Overlord  
  51  4:08  Roach  
  55  4:12  Overlord  
  55  4:14  Roach  
  55  4:17  Roach  
  59  4:19  Drone x5  
  63  4:25  Queen  
  63  4:30  Overlord  
  65  4:31  Drone  
  65  4:34  Drone  
  65  4:38  Extractor, Drone  
  67  4:39  Drone  
  67  4:45  Drone x3  
  71  4:48  Drone x2  
  73  4:53  Roach  
  73  4:55  Roach, Evolution Chamber  
  77  5:00  Extractor, Drone  
  77  5:03  Roach  
  77  5:06  Overlord  
  78  5:09  Roach x2  
  78  5:14  Overlord  
  81  5:19  Overlord  
  81  5:23  Overlord  
  81  5:25  Roach x3  
  81  5:26  Drone  
  88  5:29  Drone  
  88  5:32  Zerg Missile Weapons Level 1  
  87  5:38  Roach x2  
  87  5:41  Roach  
  92  5:43  Roach  
  92  5:47  Roach  
  92  5:49  Roach  
  98  5:50  Zergling x4  
  98  5:53  Roach  
  98  5:54  Zergling x2  
  98  5:56  Roach  
  105  5:59  Roach  
  105  6:01  Zergling x2  
  105  6:02  Zergling x2  
  105  6:03  Roach  
  111  6:05  Roach  
  111  6:06  Zergling x2  
  111  6:09  Roach  
  118  6:11  Roach  
  118  6:18  Roach  
  120  6:21  Zergling x4  
  122  6:29  Overlord x3  
  122  6:30  Overlord  
  122  6:39  Overlord  
  122  6:48  Roach x5  
  122  6:49  Overlord  
  122  6:50  Overlord  
  122  6:52  Roach  
  134  6:55  Roach  
  134  6:56  Ravager  
  134  7:00  Roach  
  134  7:01  Roach  
  141  7:02  Roach  
  141  7:06  Zergling x4  
  141  7:08  Ravager  
  146  7:15  Ravager  
  146  7:16  Zergling x10  
  146  7:17  Zergling x2  
  146  7:19  Zergling x2  
  146  7:20  Zergling x2  
  146  7:22  Zergling x2  
  155  7:28  Roach x2  
  159  7:34  Zergling x10  
  159  7:35  Zergling x2  
  156  7:37  Zergling x4  
  156  7:39  Zergling x2  
  156  7:40  Roach  
  154  7:44  Ravager  
  154  7:45  Zergling x2  
  154  7:46  Zergling x2  
  154  7:50  Roach  
  155  7:51  Roach  
  155  7:53  Ravager  
  155  7:55  Roach  
  154  8:00  Roach  
  154  8:02  Roach  
  140  8:05  Zergling x4  
  140  8:12  Ravager  
Show
View Real Time Build Order
Export as new Build Order

soO Zerg 

Build Orders: Hatch First 

Get SALT Encoding   

  12  0:00  Drone  
  13  0:12  Overlord  
  13  0:17  Drone  
  14  0:30  Drone x2  
  16  0:47  Hatchery  
  15  0:50  Drone  
  15  0:54  Drone  
  17  0:57  Drone  
  18  1:09  Extractor  
  17  1:13  Spawning Pool  
  17  1:15  Drone  
  17  1:18  Drone  
  18  1:28  Drone  
  19  1:38  Drone  
  20  1:50  Overlord  
  20  1:59  Queen x2  
  20  2:00  Drone x2  
  26  2:10  Drone x2  
  26  2:11  Metabolic Boost  
  28  2:20  Drone  
  28  2:22  Drone  
  30  2:31  Hatchery  
  30  2:33  Drone  
  30  2:41  Queen  
  32  2:44  Zergling x2  
  32  2:47  Overlord  
  32  2:50  Zergling x2  
  34  2:56  Baneling Nest  
  34  2:57  Drone  
  34  2:59  Zergling x2  
  34  3:04  Drone  
  36  3:06  Drone x2  
  36  3:10  Zergling x2  
  39  3:13  Overlord  
  39  3:18  Drone  
  41  3:20  Drone  
  41  3:28  Zergling x6  
  44  3:37  Zergling x4  
  46  3:43  Zergling x4  
  46  3:47  Zergling x2  
  46  3:48  Zergling x2  
  48  3:49  Queen  
  48  3:52  Zergling x6  
  49  3:56  Zergling x2, Queen  
  49  4:00  Zergling x2  
  48  4:03  Baneling x2  
  48  4:12  Roach Warren  
  47  4:24  Drone x2  
  47  4:25  Drone  
  47  4:26  Drone  
  51  4:32  Overlord  
  51  4:33  Overlord  
  51  4:34  Zergling x6  
  51  4:38  Overlord  
  54  4:39  Zergling x4  
  56  4:56  Overlord  
  56  4:58  Roach x7  
  56  4:59  Extractor x2  
  68  5:02  Roach  
  68  5:03  Roach  
  68  5:06  Roach  
  75  5:09  Roach  
  75  5:11  Roach  
  79  5:15  Roach  
  80  5:29  Zergling x4, Roach  
  80  5:32  Zergling x4  
  80  5:33  Roach  
  80  5:34  Zergling x2  
  89  5:42  Overlord  
  89  5:43  Overlord  
  89  5:45  Overlord  
  89  5:49  Overlord  
  89  5:51  Baneling x3  
  89  5:54  Overlord  
  89  5:56  Overlord  
  89  6:01  Zergling x2, Baneling x3  
  89  6:02  Zergling x6  
  93  6:05  Zergling x2  
  93  6:09  Zergling x4  
  94  6:23  Drone x8  
  101  6:39  Ravager x2  
  103  6:41  Drone x3  
  103  6:42  Drone x3  
  103  6:43  Extractor, Drone x2  
  103  6:44  Ravager  
  111  6:53  Drone  
  112  6:54  Drone x4  
  116  7:01  Overlord  
  116  7:06  Lair  
  116  7:07  Evolution Chamber  
  116  7:08  Drone x4  
  119  7:14  Ravager  
  120  7:17  Overlord  
  120  7:21  Extractor  
  119  7:24  Zergling x6, Roach x3  
  119  7:25  Extractor  
  119  7:26  Spine Crawler  
  128  7:30  Spine Crawler  
  128  7:32  Ravager  
  128  7:33  Zergling x8  
  128  7:37  Roach x2  
  128  7:41  Zergling x4, Roach  
  127  7:46  Zergling x8  
  127  7:50  Roach  
  126  7:55  Roach x2  
  126  7:56  Roach  
  121  7:58  Roach  
  121  7:59  Roach  
Tags
 
Add a new tag
Caveats
  • Supply blocks, unpowered buildings, or Contaminate may cause inaccurate times.
  • Supply counts are checked every 10 seconds.